 Dungeon Crawl Stone Soup version 0.30-a0-313-gae38170b09 (webtiles) character file.

Game seed: 9451786984089974036

517 billz999 the Skirmisher (level 7, -6/56 HPs)
             Began as a Gnoll Hunter on Oct 27, 2022.
             Was a Believer of Dithmenos.
             Mangled by a black bear (8 damage)
             ... on level 5 of the Dungeon.
             The game lasted 00:07:15 (2946 turns).

billz999 the Skirmisher (Gnoll Hunter)              Turns: 2946, Time: 00:07:15

Health: -6/56      AC:  3    Str: 11    XL:     7   Next: 20%
Magic:  10/10      EV: 14    Int:  8    God:    Dithmenos [**....]
Gold:   245        SH:  0    Dex: 17    Spells: 10/10 levels left

rFire   + . .      SeeInvis .    b - +1 whip (elec)
rCold   . . .      Faith    .    (no shield)
rNeg    . . .      Spirit   .    c - +0 leather armour
rPois   .          Reflect  .    (no helmet)
rElec   .          Harm     .    (no cloak)
rCorr   .          Rampage  .    (no gloves)
Will    .....                    (no boots)
Stlth   +++.......               (no amulet)
HPRegen 0.29/turn                m - ring of protection from fire
MPRegen 0.12/turn                (no ring)

@: wreathed by umbra
A: fangs 1, strong nose, distributed training
a: Renounce Religion, Shadow Step


You were on level 5 of the Dungeon.
You worshipped Dithmenos.
Dithmenos was pleased with you.
You visited 1 branch of the dungeon, and saw 5 of its levels.

You collected 245 gold pieces.

Inventory:

Hand Weapons
 a - a +0 shortbow
 b - a +1 whip of electrocution (weapon)
Missiles
 o - 4 silver boomerangs
Armour
 c - a +0 leather armour (worn)
Jewellery
 m - a ring of protection from fire (left hand)
Scrolls
 e - 2 scrolls of amnesia {unknown}
 h - 2 scrolls of vulnerability {unknown}
 i - a scroll of noise {unknown}
 j - a scroll of blinking {unknown}
 k - a scroll of torment {unknown}
 l - 2 scrolls of teleportation {unknown}
 p - 3 scrolls of identify {unknown}
 s - 2 scrolls of immolation
 t - a scroll of enchant armour {unknown}
 v - 3 scrolls of enchant weapon {unknown}
 w - a scroll of silence {unknown}
 x - a scroll of acquirement {unknown}
Potions
 d - 2 potions of curing
 f - a potion of haste
 g - 3 potions of flight {unknown}
 n - a potion of cancellation {unknown}
 q - a potion of attraction {unknown}
 r - a potion of heal wounds {unknown}
 u - a potion of brilliance {unknown}


   Skills:
 + Level 5.2 Fighting
 + Level 2.4 Short Blades
 + Level 2.4 Long Blades
 + Level 2.4 Axes
 + Level 2.4 Maces & Flails
 + Level 2.4 Polearms
 + Level 2.4 Staves
 + Level 8.9 Ranged Weapons
 + Level 2.4 Throwing
 + Level 2.4 Armour
 + Level 5.2 Dodging
 + Level 3.4 Stealth
 + Level 2.4 Shields
 + Level 2.4 Unarmed Combat
 + Level 2.4 Spellcasting
 + Level 2.0 Conjurations
 + Level 2.0 Hexes
 + Level 2.0 Summonings
 + Level 2.0 Necromancy
 + Level 2.0 Translocations
 + Level 2.0 Transmutations
 + Level 2.0 Fire Magic
 + Level 2.0 Ice Magic
 + Level 2.0 Air Magic
 + Level 2.0 Earth Magic
 + Level 2.0 Poison Magic
 + Level 2.7 Invocations
 + Level 2.4 Evocations


You had 10 spell levels left.
You didn't know any spells.
Your spell library contained the following spells:

 Spells                   Type           Power      Damage    Failure   Level
 Dazzling Flash           Conj/Hex       8%         N/A       52%         3
 Frozen Ramparts          Ice            8%         1d2       52%         3
 Ice Form                 Ice/Tmut       4%         N/A       89%         4
 Summon Ice Beast         Ice/Summ       4%         N/A       89%         4
 Agony                    Necr           4%         N/A       99%         5
 Silence                  Hex/Air        2%         N/A       99%         5
 Summon Mana Viper        Hex/Summ       4%         N/A       99%         5
 Monstrous Menagerie      Summ           2%         N/A       100%        7


Dungeon Overview and Level Annotations

Branches:
Dungeon (5/15)
 Temple: D:4-7

Altars:
Dithmenos

Annotations:
D:2 Terence
D:5 Pikel


Innate Abilities, Weirdness & Mutations

You have very sharp teeth.
Your uncanny sense of smell can sniff out nearby items.
Your experience applies equally to all skills.


Message History

The black bear claws you.
You hit the black bear.
The black bear is almost dead.
The black bear goes berserk!
You hit the black bear but do no damage.
The black bear is almost dead.
The black bear closely misses you. x3
You completely miss the black bear.
The black bear is almost dead.
The black bear bites you! The black bear claws you. x2
The black bear closely misses you. The black bear claws you.
The black bear barely misses you.
You are too injured to fight recklessly!
You are too injured to fight recklessly!
You are too injured to fight recklessly!
You barely miss the black bear.
The black bear is almost dead.
The black bear bites you! The black bear claws you.
* * * LOW HITPOINT WARNING * * *
The black bear claws you but does no damage.
Unknown command.
You hit the black bear.
The black bear is almost dead.
The black bear closely misses you. The black bear claws you.
* * * LOW HITPOINT WARNING * * *
The black bear claws you.
* * * LOW HITPOINT WARNING * * *
The black bear barely misses you.
The black bear claws you but does no damage.
The black bear claws you.
* * * LOW HITPOINT WARNING * * *
It was a potion of curing.
You feel better. The black bear bites you!
* * * LOW HITPOINT WARNING * * *
The black bear completely misses you. The black bear barely misses you.
Unknown command.
You hit the black bear.
You punch the black bear, but do no damage.
The black bear is almost dead.
The black bear bites you!
You die...

..... .... ....#
# ... # ....#
.#. #. ##...#
..>
#..###....##.#
#............#
#..........#..
#.....$.......
#...h@........
#.............
.............##.
..............#
....[....#...##
.........#####
#...#.#..#
#...######


You could see a black bear (berserk).

Vanquished Creatures
  A black bear (D:5)
  A necrophage (D:4)
  An orc priest (D:4)
  2 hounds
  A jelly (D:4)
  4 orc wizards
  3 adders
  An ufetubus (D:3)
  A worm (D:3)
  2 dart slugs (D:1)
  24 orcs
  5 endoplasms
  4 giant cockroaches
  4 hobgoblins
  6 jackals
  A quokka (D:4)
  9 ball pythons
  3 bats
  3 frilled lizards (D:2)
  5 goblins
  7 kobolds
  2 rats
90 creatures vanquished.

Notes
Turn   | Place    | Note
-------+----------+-------------------------------------------
     0 | D:1      | billz999 the Gnoll Hunter began the quest for the Orb.
     0 | D:1      | Reached XP level 1. HP: 20/20 MP: 1/1
    87 | D:1      | Reached XP level 2. HP: 26/26 MP: 2/2
   274 | D:1      | Reached XP level 3. HP: 31/31 MP: 3/3
   790 | D:2      | Reached skill level 1 in Invocations
   844 | D:2      | Noticed Terence
   918 | D:3      | Found a shadowy altar of Dithmenos.
   927 | D:3      | Became a worshipper of Dithmenos the Shadowed
   977 | D:3      | Reached skill level 1 in Short Blades
   977 | D:3      | Reached skill level 1 in Long Blades
   977 | D:3      | Reached skill level 1 in Axes
   977 | D:3      | Reached skill level 1 in Maces & Flails
   977 | D:3      | Reached skill level 1 in Polearms
   977 | D:3      | Reached skill level 1 in Staves
   977 | D:3      | Reached skill level 1 in Throwing
   977 | D:3      | Reached skill level 1 in Armour
   977 | D:3      | Reached skill level 1 in Shields
   977 | D:3      | Reached skill level 1 in Unarmed Combat
   977 | D:3      | Reached skill level 1 in Spellcasting
   977 | D:3      | Reached skill level 1 in Evocations
  1019 | D:3      | Reached XP level 4. HP: 38/38 MP: 5/5
  1060 | D:3      | Reached skill level 1 in Conjurations
  1060 | D:3      | Reached skill level 1 in Hexes
  1060 | D:3      | Reached skill level 1 in Summonings
  1060 | D:3      | Reached skill level 1 in Necromancy
  1060 | D:3      | Reached skill level 1 in Translocations
  1060 | D:3      | Reached skill level 1 in Transmutations
  1060 | D:3      | Reached skill level 1 in Fire Magic
  1060 | D:3      | Reached skill level 1 in Ice Magic
  1060 | D:3      | Reached skill level 1 in Air Magic
  1060 | D:3      | Reached skill level 1 in Earth Magic
  1060 | D:3      | Reached skill level 1 in Poison Magic
  1521 | D:3      | Reached XP level 5. HP: 43/43 MP: 7/7
  1571 | D:4      | Reached * piety under Dithmenos
  2076 | D:4      | Reached XP level 6. HP: 37/50 MP: 8/8
  2257 | D:4      | Reached skill level 5 in Fighting
  2257 | D:4      | Reached skill level 5 in Dodging
  2783 | D:5      | Entered Level 5 of the Dungeon
  2806 | D:5      | Noticed a black bear
  2816 | D:5      | Noticed Pikel
  2877 | D:5      | Noticed a black bear
  2889 | D:5      | Killed a black bear
  2889 | D:5      | Reached ** piety under Dithmenos
  2890 | D:5      | Reached XP level 7. HP: 38/56 MP: 10/10
  2945 | D:5      | HP: 2/56 [black bear (9)]
  2946 | D:5      | Mangled by a black bear

Illustrated notes

Levels and vault maps discovered:
D:1:      spicycebolla_arrival_xxxplode, layout_rooms, skrybe_limestone_x
D:2:      minmay_razor_zed, layout_basic, dreamdust_ecumenical_altar_grove,
          uniq_terence
D:3:      layout_rooms, nicolae_dithmenos_the_darkroom
D:4:      layout_loops_ring, nicolae_figureground_pulse
D:5:      layout_cave_pools, uniq_pikel

Skill      XL: |  1  2  3  4  5  6 |
---------------+-------------------+-----
Invocations    | 1 2 |  2.7
Short Blades   | 1 2 |  2.4
Long Blades    | 1 2 |  2.4
Axes           | 1 2 |  2.4
Maces & Flails | 1 2 |  2.4
Polearms       | 1 2 |  2.4
Staves         | 1 2 |  2.4
Throwing       | 1 2 |  2.4
Armour         | 1 2 |  2.4
Shields        | 1 2 |  2.4
Unarmed Combat | 1 2 |  2.4
Spellcasting   | 1 2 |  2.4
Evocations     | 1 2 |  2.4
Conjurations   | 1 2 |  2.0
Hexes          | 1 2 |  2.0
Summonings     | 1 2 |  2.0
Necromancy     | 1 2 |  2.0
Translocations | 1 2 |  2.0
Transmutations | 1 2 |  2.0
Fire Magic     | 1 2 |  2.0
Ice Magic      | 1 2 |  2.0
Air Magic      | 1 2 |  2.0
Earth Magic    | 1 2 |  2.0
Poison Magic   | 1 2 |  2.0
Stealth        | 3 |  3.4
Fighting       | 5 |  5.2
Dodging        | 5 |  5.2
Ranged Weapons | |  8.9

Action                   |  1- 3 |  4- 6 |  7- 9 || total
-------------------------+-------+-------+-------++-------
Melee: Whip              |       |    55 |     7 ||    62
       Bite              |       |     4 |     1 ||     5
       Punch             |       |     1 |     1 ||     2
 Fire: Shortbow          |    82 |   136 |     5 ||   223
  Use: Potion            |     1 |       |     1 ||     2
Armor: Leather armour    |     6 |    18 |     2 ||    26
Dodge: Dodged            |     7 |    98 |    14 ||   119

Table legend: (Time is in decaauts)
 A = Elapsed time spent in this place.
 B = Non-inter-level travel time spent in this place.
 C = Inter-level travel time spent in this place.
 D = Time resting spent in this place.
 E = Time spent auto-exploring this place.
 F = Levels seen in this place.
 G = Mean time per level.
                   A        B        C        D        E       F      G
               +--------+--------+--------+--------+--------+-----+--------+
         Total |   2951 |   2792 |    159 |    511 |   1732 |   5 |  590.2 |
       Dungeon |   2951 |   2792 |    159 |    511 |   1732 |   5 |  590.2 |
               +--------+--------+--------+--------+--------+-----+--------+

Top non-repeatable levels by time:
     D:4: 1071 daAuts
     D:3: 878 daAuts
     D:1: 632 daAuts
     D:2: 243 daAuts
     D:5: 126 daAuts
